 Dungeon Crawl Stone Soup version 0.31.0-11-ge490571c62 (webtiles) character file.

Game seed: 4195745571812049104

105 qw the Shooter (level 4, 0/23 HPs)
             Began as a Spriggan Hunter on Feb 4, 2024.
             Slain by an orc
             ... wielding a +0 hand axe
              (5 damage)
             ... on level 3 of the Dungeon.
             The game lasted 00:00:07 (1922 turns).

qw the Shooter (Spriggan Hunter)                    Turns: 1922, Time: 00:00:08

Health: 0/23       AC:  2    Str: 13    XL:     4   Next: 53%
Magic:  5/5        EV: 20    Int: 10    God:
Gold:   60         SH:  0    Dex: 20    Spells: 3/3 levels left

rFire   . . .        a - +0 shortbow
rCold   . . .        (shield currently unavailable)
rNeg    . . .        c - +0 robe
rPois   .            (helmet restricted)
rElec   .            (no cloak)
rCorr   .            (gloves unavailable)
SInv    +            (boots unavailable)
Will    .....        (no amulet)
Stlth   ++           i - +6 ring of strength
HPRegen 0.23/turn    (no ring)
MPRegen 0.09/turn

%: no passive effects
@: very quick
A: very small, no large weapons, unfitting armour, see invisible, speed 3
a: no special abilities


You were on level 3 of the Dungeon.
You visited 1 branch of the dungeon, and saw 3 of its levels.

You collected 60 gold pieces.


Innate Abilities, Weirdness & Mutations

You are very small and have problems with some larger weapons.
You are too small for most types of armour.
You have supernaturally acute eyesight. (SInv)
You cover ground extremely quickly. (Speed+++)


   Skills:
 + Level 1.7 Fighting
 - Level 5.0 Ranged Weapons
 - Level 5.0 Dodging
 - Level 1.5 Stealth


You had 3 spell levels left.
You didn't know any spells.
Your spell library was empty.

Inventory:

Hand Weapons
 a - a +0 shortbow (weapon)
Armour
 c - a +0 robe (worn)
Jewellery
 e - a ring of protection from fire
 i - a +6 ring of strength (left hand)
Potions
 d - a potion of haste
 f - a potion of brilliance {unknown}
 g - a potion of lignification {unknown}
 j - a potion of berserk rage {unknown}

Dungeon Overview and Level Annotations

Branches:
Dungeon (3/15)

Altars:

Annotations:
D:2 1 runed translucent door, Crazy Yiuf


Message History

The orc misses you.
You shoot an arrow. The arrow hits the orc wizard.
The orc wizard is severely wounded.
The orc wizard closely misses you. The orc hits you with a +0 hand axe.
You shoot an arrow. The arrow barely misses the orc wizard.
The orc wizard gestures wildly while chanting.
The orc wizard flickers and vanishes for a moment.
The orc misses you.
The orc wizard points at you and mumbles some strange words.
The magic dart hits you. The orc closely misses you.
You shoot an arrow. The arrow barely misses the orc wizard.
The orc wizard casts a spell at you.
You are confused.
The orc misses you.
1917 ||| DRINKING clear potion.
It was a potion of curing.
You feel better. The orc wizard barely misses you. The orc misses you.
You shoot an arrow.
The arrow hits the orc wizard but does no damage.
The orc wizard is severely wounded.
The orc wizard hits you with a +0 dagger.
The orc hits you with a +0 hand axe.
You shoot an arrow.
The arrow closely misses the orc wizard.
The arrow hits the adder!
The adder is heavily wounded.
The orc wizard barely misses you. The orc closely misses you.
The adder misses you.
You shoot an arrow. The arrow barely misses the orc wizard.
The adder misses you. The orc wizard completely misses you. The orc misses you.
You shoot an arrow. The arrow hits the orc wizard.
The orc wizard is severely wounded.
The adder misses you.
The orc wizard points at you and mumbles some strange words.
The puff of flame hits you! The orc misses you. The adder misses you.
You shoot an arrow.
The arrow hits the orc wizard but does no damage.
The orc wizard is severely wounded.
The orc wizard gestures at you while chanting.
The magic dart hits you. The orc hits you with a +0 hand axe.
You die...

#.#######.
#######.........
..........#####
#..####%#.#
#.#.# .## #)#.#
....#%#.#
#....S########
.##..(.o@.......
......)o########
###.#.)## #.#..
#.... ###.. ...
.... ..S.


You could see an orc wizard (invisible), an adder and an orc.

Vanquished Creatures
  Robin (D:2)
  An adder (D:2)
  2 dart slugs (D:2)
  3 orcs (D:3)
  10 bats
  6 endoplasms
  A giant cockroach (D:3)
  7 hobgoblins
  13 kobolds
  3 quokkas
  3 ball pythons
  3 frilled lizards
  14 goblins
  5 rats
72 creatures vanquished.

Notes
Turn   | Place    | Note
-------+----------+-------------------------------------------
     0 | D:1      | qw the Spriggan Hunter began the quest for the Orb.
     0 | D:1      | Reached XP level 1. HP: 10/10 MP: 2/2
     0 | D:1      | 0 ||| qw: Version: 0.3-a-160-g6735b56
     0 | D:1      | 0 ||| qw: Game counter: 4898
     0 | D:1      | 0 ||| qw: Melee chars always use a shield: true
     0 | D:1      | 0 ||| qw: God list: Okawaru
     0 | D:1      | 0 ||| qw: Allow faded altars: false
     0 | D:1      | 0 ||| qw: Do Orc after clearing Dungeon:15 true
     0 | D:1      | 0 ||| qw: Do second Lair branch before Depths: true
     0 | D:1      | 0 ||| qw: Lair rune preference: random
     0 | D:1      | 0 ||| qw: Goals: Normal
     0 | D:1      | 0 ||| PLANNING D:1-11
    44 | D:1      | Reached skill level 3 in Dodging
   147 | D:1      | Reached XP level 2. HP: 13/14 MP: 3/3
   596 | D:1      | Reached XP level 3. HP: 18/18 MP: 4/4
   621 | D:1      | 621 ||| READING scroll labelled OLO FOKLONKUSU.
   625 | D:1      | 625 ||| DRINKING 2 golden potions.
   626 | D:1      | 626 ||| DROPPING scroll of butterflies.
   668 | D:2      | Noticed Robin
   672 | D:2      | 672 ||| STAIRDANCE
   699 | D:2      | 699 ||| STAIRDANCE
   746 | D:2      | 746 ||| STAIRDANCE
   791 | D:2      | 791 ||| STAIRDANCE
   803 | D:2      | 803 ||| STAIRDANCE
   815 | D:2      | 815 ||| STAIRDANCE
   860 | D:2      | Killed Robin
   961 | D:2      | Reached XP level 4. HP: 16/22 MP: 5/5
  1156 | D:2      | Identified the +9 short sword "Adeugee" {heavy, Will+}
  1612 | D:2      | Found a runed translucent door.
  1613 | D:2      | Noticed Crazy Yiuf
  1712 | D:2      | 1712 ||| UPGRADING to +6 ring of strength.
  1713 | D:2      | 1713 ||| READING scroll labelled MUUDOZ YMINED.
  1713 | D:2      | 1713 ||| ENCHANTING +0 shortbow.
  1714 | D:2      | 1714 ||| READING scroll labelled ISMUECKUOBB.
  1715 | D:2      | 1715 ||| READING scroll labelled FUPLIA MAZIA.
  1774 | D:3      | 1774 ||| STAIRDANCE
  1906 | D:3      | 1906 ||| RETREEEEATING.
  1917 | D:3      | 1917 ||| DRINKING clear potion.
  1922 | D:3      | HP: 5/23 [orc wizard/magic dart (4)]
  1922 | D:3      | Slain by an orc

Levels and vault maps discovered:
D:1:      dpeg_arrival_signposts, layout_basic, minmay_bisected
D:2:      layout_loops_ring, uniq_robin, uniq_crazy_yiuf_cottage
D:3:      layout_loops_corners, uniq_ijyb

Skill      XL: |  1  2  3  4 |
---------------+-------------+-----
Dodging        | 3 4 5 |  5.0
Ranged Weapons | 5 |  5.0
Fighting       | |  1.7
Stealth        | |  1.5

Action                     |  1- 3 |  4- 6 || total
---------------------------+-------+-------++-------
   Fire: Shortbow          |   119 |    88 ||   207
    Use: Scroll            |     1 |     3 ||     4
         Potion            |     1 |     1 ||     2
 Armour: Robe              |    33 |    20 ||    53
  Dodge: Dodged            |    53 |    58 ||   111

Table legend:
 A = Non-vault XP
 B = Vault XP
 C = Vault XP percentage of total XP
 D = Non-vault monster count
 E = Vault monster count
 F = Vault count percentage of total count
                 A         B        C        D         E       F
            +---------+---------+-------+---------+---------+-------
      Total |     106 |      44 |  29.3 |      55 |      17 |  23.6
            +---------+---------+-------+---------+---------+-------
        D:1 |      41 |      25 |  37.9 |      26 |      14 |  35.0
        D:2 |      45 |      19 |  29.7 |      19 |       3 |  13.6
        D:3 |      20 |       0 |   0.0 |      10 |       0 |   0.0
            +---------+---------+-------+---------+---------+-------
